 Dungeon Crawl Stone Soup version 0.24.0-123-gd5b16e6ec5 (webtiles) character file.

Game seed: 13690345321020120865, levelgen mode: deterministic

74 Legadrian the Insei (level 4, -2/33 HPs)
             Began as a Human Transmuter on Feb 11, 2020.
             Slain by a gnoll
             ... wielding a +0 spear
              (12 damage)
             ... on level 3 of the Dungeon.
             The game lasted 00:11:47 (2573 turns).

Legadrian the Insei (Human Transmuter)              Turns: 2573, Time: 00:11:48

Health: -2/33      AC:  2    Str: 11    XL:     4   Next: 54%
Magic:  2/7        EV: 12    Int: 14    God:
Gold:   112        SH:  0    Dex: 13    Spells: 1/7 levels left

rFire    + . .     SeeInvis .     - Unarmed
rCold    . . .     Gourm    .   (no shield)
rNeg     . . .     Faith    .   b - +0 robe
rPois    .         Spirit   .   (no helmet)
rElec    .         Reflect  .   (no cloak)
rCorr    .         Harm     .   (no gloves)
MR       .....                  (no boots)
Stlth    +.........             (no amulet)
HPRegen  0.11/turn              c - ring of protection from fire
MPRegen  0.10/turn              (no ring)

@: appendage
A: horns 2
a: End Transformation


You were on level 3 of the Dungeon.
You were not hungry.
You had grown temporary horns.
You visited 1 branch of the dungeon, and saw 3 of its levels.

You collected 112 gold pieces.

Inventory:

Missiles
 a - 23 arrows
 i - 4 javelins (quivered)
 k - 95 stones
Armour
 b - a +0 robe (worn)
Jewellery
 c - a ring of protection from fire (left hand)
Wands
 q - a wand of acid (6)
Scrolls
 e - a scroll of identify
 j - 4 scrolls of teleportation
Potions
 g - a potion of resistance
 h - a potion of degeneration {unknown}
 l - 2 potions of mutation {unknown}
 m - 2 potions of heal wounds {unknown}
Comestibles
 d - 5 rations


   Skills:
 * Level 2.2 Fighting
 - Level 2.0 Dodging
 - Level 0.2 Stealth
 + Level 4.4 Unarmed Combat
 - Level 2.0 Spellcasting
 - Level 2.0 Transmutations


You had one spell level left.
You knew the following spells:

 Your Spells              Type           Power        Failure   Level  Hunger
a - Beastly Appendage     Tmut           #.....       11%         1    ##.....
b - Spider Form           Tmut/Pois      #.........   43%         3    ####...
c - Sticks to Snakes      Tmut           #.......     16%         2    ###....

Your spell library contained the following spells:

 Spells                   Type           Power        Failure   Level  Hunger
 Ice Form                 Ice/Tmut       #.......     83%         4    #####..
 Blade Hands              Tmut           #.........   96%         5    ######.


Dungeon Overview and Level Annotations

Branches:
Dungeon (3/15)

Altars:
Elyvilon


Innate Abilities, Weirdness & Mutations

You have a pair of horns on your head.


Message History

You swap places.
The gnoll hits your adder with a +0 spear.
Your adder bites the gnoll but does no damage.
The gnoll barely misses your adder.
Your adder closely misses the gnoll.
Your adder bites the gnoll.
The gnoll is poisoned.
Your adder poisons the gnoll!
The gnoll hits your adder with a +0 spear.
The gnoll dies!
The gnoll barely misses your adder.
You start resting.
The gnoll is too close now for your liking.
You swap places.
The gnoll barely misses you.
Your magical contamination has completely faded away.
You swap places.
Your adder withers and dies!
Casting: Sticks to Snakes (safe; 16% risk of failure)
Confirm with . or Enter, or press ? or * to list all spells.
You grow a pair of large bovine horns.
The gnoll hits you from afar with a +0 spear!
You die...

### #.#
#@#
###.#
#.#g#
#.#.#
#.#.#
#.#.#
#..#.#
##.###..
#.## #.#


You could see a gnoll.

Vanquished Creatures
  An adder (D:2)
  An ooze (D:1)
  2 dart slugs
  3 giant cockroaches
  4 goblins
  4 hobgoblins
  2 quokkas (D:2)
  A ball python (D:1)
  5 bats
  8 frilled lizards
  7 kobolds
  6 rats
44 creatures vanquished.

Vanquished Creatures (collateral kills)
  2 gnolls (D:3)
  A leopard gecko (D:2)
  A frilled lizard (D:2)
4 creatures vanquished.

Grand Total: 48 creatures vanquished

Notes
Turn   | Place    | Note
-------+----------+-------------------------------------------
     0 | D:1      | Legadrian the Human Transmuter began the quest for the Orb.
     0 | D:1      | Reached XP level 1. HP: 15/15 MP: 3/3
   153 | D:1      | Reached XP level 2. HP: 10/21 MP: 5/5
   696 | D:1      | Reached XP level 3. HP: 21/27 MP: 6/6
  1514 | D:2      | Reached skill level 4 in Unarmed Combat
  1688 | D:2      | Found a white marble altar of Elyvilon.
  1929 | D:2      | Reached XP level 4. HP: 33/33 MP: 5/7
  1934 | D:2      | Learned a level 3 spell: Spider Form
  1937 | D:2      | Learned a level 2 spell: Sticks to Snakes
  2573 | D:3      | Slain by a gnoll

Levels and vault maps discovered:
D:1:      matt_arrival_refuge, layout_basic
D:2:      layout_loops_corners, elyvilon_altar_5
D:3:      layout_loops_ring, minmay_overflow_temple_star_quad,
          overflow_temple_1_default, first_ration, uniq_terence

Skill      XL: |  1  2  3 |
---------------+----------+-----
Unarmed Combat | 4 |  4.4
Fighting       | 2 |  2.2
Dodging        | |  2.0
Stealth        | |  0.2
Spellcasting   | |  2.0
Transmutations | |  2.0

Action                   |  1- 3 |  4- 6 || total
-------------------------+-------+-------++-------
Melee: Unarmed           |   108 |    14 ||   122
       Kick              |    13 |     4 ||    17
       Headbutt          |     4 |       ||     4
       Punch             |     2 |       ||     2
Throw: Javelin           |     5 |       ||     5
 Cast: Beastly Appendage |    24 |     4 ||    28
       Sticks to Snakes  |       |     3 ||     3
  Use: Scroll            |     5 |     2 ||     7
  Eat: Chunk             |     4 |     2 ||     6
Armor: Robe              |    19 |     1 ||    20
Dodge: Dodged            |    67 |    19 ||    86
